 Dungeon Crawl Stone Soup version 0.28-a0-1524-ge72afd5fc6 (webtiles) character file.

Game seed: 14691970190502449200

39 issech the Vexing (level 3, 0/20 HPs)
             Began as a Deep Elf Arcane Marksman on Jan 17, 2022.
             Succumbed to an adder's poison
             ... on level 2 of the Dungeon.
             The game lasted 00:07:54 (1329 turns).

issech the Vexing (Deep Elf Arcane Marksman)        Turns: 1329, Time: 00:07:54

Health: 0/20       AC:  2    Str:  7    XL:     3   Next: 26%
Magic:  7/7        EV: 13    Int: 17    God:
Gold:   29         SH:  0    Dex: 17    Spells: 4/5 levels left

rFire   . . .      SeeInvis .   a - +0 shortbow
rCold   . . .      Faith    .   (shield currently unavailable)
rNeg    . . .      Spirit   .   d - +0 robe
rPois   .          Reflect  .   (no helmet)
rElec   .          Harm     .   (no cloak)
rCorr   .          Rampage  .   (no gloves)
Will    .....                   (no boots)
Stlth   ++........              (no amulet)
HPRegen 0.06/turn               (no ring)
MPRegen 0.10/turn               (no ring)

@: lethally poisoned (0 -> -6)
A: no striking features
a: no special abilities


You were on level 2 of the Dungeon.
You visited 1 branch of the dungeon, and saw 2 of its levels.

You collected 29 gold pieces.

Inventory:

Hand Weapons
 a - a +0 shortbow (weapon)
 h - a +0 short sword
 n - a +0 dagger
 r - a +0 whip
 w - a +0 club
 x - a +0 dagger
 y - a +0 whip
Missiles
 c - 3 arrows (quivered ammo)
 l - 57 stones
 p - 4 curare-tipped darts
 t - 39 bolts
Armour
 d - a +0 robe (worn)
 j - a +0 leather armour
 m - a +0 leather armour
 o - a +1 ring mail of fire resistance
 s - a +0 plate armour
Scrolls
 e - a scroll of amnesia {unknown}
 i - a scroll of fear {unknown}
 k - a scroll of immolation
 u - a scroll of identify {unknown}
 v - a scroll of enchant weapon {unknown}
Potions
 b - a potion of flight {unknown}
 g - a potion of mutation {unknown}


   Skills:
 + Level 0.9 Fighting
 + Level 3.7 Bows
 + Level 2.9 Dodging
 + Level 1.5 Spellcasting
 + Level 4.8 Hexes


You had 4 spell levels left.
You knew the following spells:

 Your Spells              Type           Power      Damage    Failure   Level
a - Slow                  Hex            68%        N/A       2%          1

Your spell library contained the following spells:

 Spells                   Type           Power      Damage    Failure   Level
 Inner Flame              Hex/Fire       9%         N/A       22%         3
 Portal Projectile        Hex/Tloc       18%        N/A       22%         3
 Cause Fear               Hex            8%         N/A       28%         4


Dungeon Overview and Level Annotations

Branches:
Dungeon (2/15)

Altars:


Message History

You shoot an arrow. The arrow hits the adder.
The adder is moderately wounded.
You feel sick. The adder closely misses you.
Fire: 9 arrows
Press: ? - help, Q - select action, (/) - cycle Shift-Dir - straight line, f/p - adder
Aim: an adder (moderately wounded, 42% to hit)
You shoot an arrow. The arrow barely misses the adder.
You feel sick. The adder bites you. The adder misses you.
Fire: 8 arrows
Press: ? - help, Q - select action, (/) - cycle Shift-Dir - straight line, f/p - adder
Aim: an adder (moderately wounded, 42% to hit)
You shoot an arrow. The arrow hits the adder.
The adder is heavily wounded.
You feel sick. The adder completely misses you.
Fire: 7 arrows
Press: ? - help, Q - select action, (/) - cycle Shift-Dir - straight line, f/p - adder
Aim: an adder (heavily wounded, 42% to hit)
You shoot an arrow. The arrow closely misses the adder.
You feel sick.
You are no longer poisoned.
The adder closely misses you.
Fire: 6 arrows
Press: ? - help, Q - select action, (/) - cycle Shift-Dir - straight line, f/p - adder
Aim: an adder (heavily wounded, 42% to hit)
You shoot an arrow. The arrow barely misses the adder.
The adder bites you.
You are lethally poisoned!
The adder poisons you! The adder bites you.
* * * LOW HITPOINT WARNING * * *
Fire: 5 arrows
Press: ? - help, Q - select action, (/) - cycle Shift-Dir - straight line, f/p - adder
Aim: an adder (heavily wounded, 42% to hit)
You shoot an arrow. The arrow closely misses the adder.
* * * LOW HITPOINT WARNING * * *
You feel sick. The adder misses you.
Fire: 4 arrows
Press: ? - help, Q - select action, (/) - cycle Shift-Dir - straight line, f/p - adder
Aim: an adder (heavily wounded, 42% to hit)
You shoot an arrow. The arrow closely misses the adder.
You die...

##...........
#..........(.
#............
#.........((.
#............
########
#......>.....
##.....##
#..........(
........##
#..@S.....(
†........#
###.########
.........# #...#
.........####.###
..............#
.........†#####
.........##
........##
##.....##


You could see an adder.

Vanquished Creatures
  A worm (D:2)
  A dart slug (D:2)
  4 ball pythons (D:1)
  3 bats (D:1)
  6 endoplasms (D:1)
  3 goblins
  3 hobgoblins (D:1)
  A quokka (D:1)
  A frilled lizard (D:2)
  4 kobolds
  3 rats (D:1)
30 creatures vanquished.

Notes
Turn   | Place    | Note
-------+----------+-------------------------------------------
     0 | D:1      | issech the Deep Elf Arcane Marksman began the quest for the
                  | Orb.
     0 | D:1      | Reached XP level 1. HP: 11/11 MP: 5/5
    89 | D:1      | Reached XP level 2. HP: 16/16 MP: 6/6
   353 | D:1      | Found a faded altar of an unknown god.
   790 | D:1      | Reached XP level 3. HP: 20/20 MP: 7/7
  1329 | D:2      | Succumbed to an adder's poison

Illustrated notes

Levels and vault maps discovered:
D:1:      eino_arrival_cavern_c, layout_rooms,
          hellmonk_ecumenical_altar_blasted, minivault_25, supply_closet_lemuel
D:2:      layout_rooms, serial_shops, shop

Skill      XL: |  1  2 |
---------------+-------+-----
Bows           | 3 |  3.7
Fighting       | |  0.9
Dodging        | |  2.9
Spellcasting   | |  1.5
Hexes          | |  4.8

Action                   || total
-------------------------++-------
 Fire: Shortbow          ||   126
  Use: Potion            ||     3
Armor: Robe              ||     7
Dodge: Dodged            ||    47

Table legend: (Time is in decaauts)
 A = Elapsed time spent in this place.
 B = Non-inter-level travel time spent in this place.
 C = Inter-level travel time spent in this place.
 D = Time resting spent in this place.
 E = Time spent auto-exploring this place.
 F = Levels seen in this place.
 G = Mean time per level.
                   A        B        C        D        E       F      G
               +--------+--------+--------+--------+--------+-----+--------+
         Total |   1346 |   1346 |      0 |    179 |    389 |   2 |  673.0 |
       Dungeon |   1346 |   1346 |      0 |    179 |    389 |   2 |  673.0 |
               +--------+--------+--------+--------+--------+-----+--------+

Top non-repeatable levels by time:
     D:1: 1145 daAuts
     D:2: 201 daAuts
